 Dungeon Crawl Stone Soup version 0.21.1-68-g103a7af (webtiles) character file.

9134 tyranidshit the Fighter (level 11, 0/90 HPs)
             Began as a Demonspawn Abyssal Knight on Aug 2, 2018.
             Was a High Priest of Lugonu.
             Slain by a troll (4 damage)
             ... on level 10 of the Dungeon.
             The game lasted 00:27:27 (9701 turns).

tyranidshit the Fighter (Demonspawn Abyssal Knight) Turns: 9701, Time: 00:27:28

Health: 0/90       AC: 21    Str: 16    XL:     11   Next: 19%
Magic:  6/17       EV:  3    Int: 17    God:    Lugonu [*****.]
Gold:   544        SH: 10    Dex: 17    Spells: 10/10 levels left

rFire    + . .     SeeInvis .   r - +1 war axe (chop)
rCold    . . .     Gourm    .   x - +0 shield
rNeg     . . .     Faith    .   e - +8 plate armour of the Abyss {Int+4}
rPois    .         Spirit   .   (no helmet)
rElec    .         Reflect  .   (no cloak)
rCorr    .         Harm     .   (no gloves)
MR       +....                  (no boots)
Stlth    ..........             g - amulet of regeneration
HPRegen  0.65/turn              (no ring)
MPRegen  0.15/turn              t - ring of protection from magic

@: no status effects
A: talons 2, thin skeletal structure 2, demonic guardian 1, fire resistance 1
a: Depart the Abyss, Bend Space, Banish, Corrupt, Enter the Abyss, Renounce
Religion


You were on level 10 of the Dungeon.
You worshipped Lugonu.
Lugonu was extremely pleased with you.
You were not hungry.

You visited 3 branches of the dungeon, and saw 13 of its levels.
You visited the Abyss 2 times.

You collected 544 gold pieces.

Inventory:

Hand Weapons
 r - a +1 war axe of chopping (weapon)
 v - a +0 broad axe
Armour
 e - the +8 plate armour of the Abyss (worn) {Int+4}
   (You found it on level 2 of the Abyss)

   It affects your intelligence (+4).
 o - the +3 ring mail of Midwinter {Str+6 Int+2}
   (You found it on level 5 of the Dungeon)

   It affects your strength (+6).
   It affects your intelligence (+2).
 x - a +0 shield (worn)
Magical Staves
 u - an uncursed staff of wizardry
Jewellery
 g - an amulet of regeneration (around neck)
 p - a +3 amulet of reflection
 q - an uncursed amulet of guardian spirit
 t - a ring of protection from magic (right hand)
Scrolls
 f - 6 scrolls of teleportation
 h - 5 scrolls of identify
 k - a scroll of fear
 l - a scroll of fog
 n - a scroll of enchant weapon
 w - 2 scrolls of enchant armour
Potions
 d - a potion of agility
 j - a potion of brilliance
Books
 b - the Reference Book on the Snowflakes and Moulding
   (You found it on level 10 of the Dungeon)

   Spells                             Type                      Level
   a - Beastly Appendage              Transmutation                1
   b - Passwall                       Transmutation/Earth          2
   c - Ignite Poison                  Fire/Transmutation/Poison    3
   d - Summon Ice Beast               Ice/Summoning                4
   e - Ice Form                       Ice/Transmutation            4
   f - Freezing Cloud                 Conjuration/Ice/Air          6
Miscellaneous
 a - a lightning rod (3/4)
Comestibles
 c - 10 rations


   Skills:
 + Level 9.7 Fighting
 + Level 5.6 Axes
 + Level 7.5 Armour
 - Level 0.8 Dodging
 + Level 5.5 Shields
 - Level 9.0 Invocations
 - Level 6.5 Evocations


You had 10 spell levels left.
You didn't know any spells.

Dungeon Overview and Level Annotations

Branches:
Dungeon (11/15)            Temple (1/1) D:4            Lair (1/6) D:9
    Orc: D:9-12

Altars:
Ashenzari
Cheibriados
Dithmenos
Elyvilon
Fedhas
Gozag
Hepliaklqana
Kikubaaqudgha
Makhleb
Nemelex Xobeh
Okawaru
Qazlal
Ru
Sif Muna
Trog
Uskayaw
Vehumet
Wu Jian
Xom
Yredelemnul
Zin
The Shining One

Shops:
D:11 [

Annotations:
D:10 Fannar


Innate Abilities, Weirdness & Mutations

You have razor-sharp toenails.
You have a moderately thin skeletal structure. (Dex +4, Stealth+)
A weak demonic guardian rushes to your aid.
Your flesh is heat resistant. (rF+)


Message History

You hit the troll. You claw the troll, but do no damage.
The troll is lightly wounded.
Fannar mumbles some strange words.
The troll bites you!
* * * LOW HITPOINT WARNING * * *
You block the troll's attack. The troll completely misses you.
Unknown command.
Your shield and plate armour of the Abyss prevent you from hitting the troll.
The troll is lightly wounded.
The troll bites you but does no damage. The troll claws you.
* * * LOW HITPOINT WARNING * * *
You block the troll's attack.
Unknown command.
Your plate armour of the Abyss prevents you from hitting the troll.
Your kick misses the troll.
The troll is lightly wounded.
The troll bites you!
* * * LOW HITPOINT WARNING * * *
The troll claws you.
You die...

##.# ....# #..# #...
#.## .... ###.# #..#
#...####### #..#
#.#.†......
#########5.#
#...#######
......%...# ##..#
##...# #@# #..#
##.._..##T# #..#
...#.#..#e# #..#######
........Y.# #...††[[..
#####.#.### #.#######.
#...# #.# ##..
###.#########.#####...
#.............§.5...
#########.....###.#.


You could see Fannar, a troll, an ice beast and a friendly iron imp.

Vanquished Creatures
  A two-headed ogre (D:9)
  Pikel (D:7)
  A centaur zombie (D:10)
  A komodo dragon (D:9)
  2 trolls (D:10)
  Prince Ribbit (D:9)
  A hippogriff (D:10)
  A slime creature (D:6)
  Sigmund (D:2)
  A spriggan (D:7)
  The ghost of wilfster70 the Digger, an amateur GrEE (D:3)
  6 vampire mosquitoes
  A soldier ant (D:10)
  5 orc warriors
  4 ice beasts
  2 ogres
  3 phantoms
  A necrophage (D:5)
  3 centaurs
  A crocodile (D:9)
  3 big kobolds
  3 bullfrogs
  6 scorpions
  5 howler monkeys
  7 jellies
  2 crimson imps
  A quasit (D:9)
  4 hounds
  A bullfrog zombie (D:10)
  7 orc priests
  2 centaur skeletons
  A bullfrog skeleton (D:4)
  An iguana (D:9)
  8 orc wizards
  7 worker ants
  2 hound skeletons (D:9)
  2 worker ant zombies
  6 gnolls
  12 adders
  3 shadow imps
  17 oozes
  2 adder skeletons
  2 worms
  A dart slug (D:2)
  7 leopard geckos
  34 orcs
  7 giant cockroaches
  8 goblins
  5 hobgoblins
  5 quokkas
  11 bats
  5 frilled lizards
  A jackal zombie (D:7)
  18 kobolds
  8 rats
252 creatures vanquished.

Vanquished Creatures (collateral kills)
  An ugly thing (D:10)
  Psyche (D:9)
  A fire elemental (D:11)
  A water moccasin (D:9)
  2 orc warriors (D:9)
  A sky beast (D:8)
  A centaur (D:7)
  A bullfrog (D:7)
  A howler monkey (D:10)
  A crimson imp (D:6)
  A jelly (D:6)
  2 orc priests
  An orc wizard (D:7)
  An adder (D:10)
  A giant cockroach (D:8)
  A kobold (D:8)
18 creatures vanquished.

Vanquished Creatures (others)
  An unseen horror (D:11)
  A human (D:6)
  5 fungi (D:6)
  A plant (D:9)
8 creatures vanquished.

Grand Total: 278 creatures vanquished

Notes
Turn   | Place    | Note
-------+----------+-------------------------------------------
     0 | Abyss:1  | tyranidshit the Demonspawn Abyssal Knight began the quest for the Orb.
     0 | Abyss:1  | Reached XP level 1. HP: 18/18 MP: 2/2
    66 | Abyss:1  | Noticed a tentacled starspawn
    70 | Abyss:2  | Found a corrupted altar of Lugonu.
    81 | Abyss:2  | Found a corrupted altar of Lugonu.
    83 | Abyss:2  | Got a faintly glowing plate armour
   101 | Abyss:2  | Noticed a thrashing horror
   101 | Abyss:2  | Identified the +8 plate armour of the Abyss {Int+4} (You found it on level 2 of the Abyss)
   101 | D:1      | Escaped the Abyss
   226 | D:1      | Reached * piety under Lugonu
   303 | D:1      | Gained mutation: You have sharp toenails. [demonic ancestry]
   303 | D:1      | Reached XP level 2. HP: 21/24 MP: 3/3
   890 | D:2      | Gained mutation: Your flesh is heat resistant. (rF+) [demonic ancestry]
   890 | D:2      | Reached XP level 3. HP: 31/31 MP: 4/4
  1199 | D:2      | Noticed Sigmund
  1199 | D:2      | Reached skill level 5 in Fighting
  1199 | D:2      | Gained mutation: You have a somewhat thin skeletal structure. (Dex +2, Stealth) [demonic ancestry]
  1199 | D:2      | Reached XP level 4. HP: 39/39 MP: 5/5
  1219 | D:2      | Killed Sigmund
  1219 | D:2      | Gained mutation: You have razor-sharp toenails. [demonic ancestry]
  1219 | D:2      | Reached XP level 5. HP: 40/44 MP: 6/6
  1331 | D:2      | Found a faded altar of an unknown god.
  1777 | D:3      | Noticed wilfster70's ghost (amateur GrEE)
  1778 | D:3      | Reached ** piety under Lugonu
  1792 | D:3      | Gained mutation: A weak demonic guardian rushes to your aid. [demonic ancestry]
  1792 | D:3      | Reached XP level 6. HP: 51/51 MP: 7/7
  1822 | D:3      | Killed wilfster70's ghost
  1822 | D:3      | Reached skill level 5 in Armour
  2704 | D:4      | Found a staircase to the Ecumenical Temple.
  2835 | D:4      | Reached XP level 7. HP: 30/56 MP: 8/8
  3150 | Temple   | Entered the Ecumenical Temple
  3320 | D:5      | Entered Level 5 of the Dungeon
  3449 | D:5      | Got a distressingly furry ring mail
  3450 | D:5      | Identified the +3 ring mail of Midwinter {Str+6 Int+2} (You found it on level 5 of the Dungeon)
  3756 | D:5      | Found a shimmering altar of Xom.
  3989 | D:6      | Reached *** piety under Lugonu
  4069 | D:6      | Reached XP level 8. HP: 64/64 MP: 9/9
  4224 | D:6      | Found an ancient bone altar of Kikubaaqudgha.
  4411 | D:6      | Reached skill level 5 in Axes
  4494 | D:6      | Noticed a slime creature
  4517 | D:6      | Killed a slime creature
  4517 | D:6      | Reached skill level 1 in Evocations
  4704 | D:6      | Found a shadowy altar of Dithmenos.
  4730 | D:6      | Reached **** piety under Lugonu
  5011 | D:7      | Reached XP level 9. HP: 45/71 MP: 12/12
  5031 | D:7      | Reached skill level 5 in Invocations
  5709 | D:7      | Noticed Pikel
  5734 | D:7      | Killed Pikel
  5734 | D:7      | Reached skill level 5 in Evocations
  6037 | D:8      | Got an ichor-stained robe
  6038 | D:8      | Identified the cursed +1 robe of Cheibriados's Hope {rF- rCorr Int+4} (You found it on level 8 of the Dungeon)
  6048 | D:8      | Noticed Psyche
  6054 | D:8      | Cast into level 1 of the Abyss (Psyche)
  6071 | Abyss:1  | Found a corrupted altar of Lugonu.
  6085 | Abyss:1  | Noticed a large abomination
  6085 | Abyss:1  | Found a corrupted altar of Lugonu.
  6091 | D:8      | Escaped the Abyss
  6407 | D:8      | Gained mutation: You have a moderately thin skeletal structure. (Dex +4, Stealth+) [demonic ancestry]
  6407 | D:8      | Reached XP level 10. HP: 78/78 MP: 16/16
  6973 | D:9      | Found an ancient bone altar of Kikubaaqudgha.
  7008 | D:9      | Found a shimmering altar of Xom.
  7013 | D:9      | HP: 1/81 [orc priest/divine providence (16)]
  7252 | D:9      | Noticed a two-headed ogre
  7270 | D:9      | Killed a two-headed ogre
  7307 | D:9      | Found a stormy altar of Qazlal.
  7336 | D:9      | Found a staircase to the Lair.
  7376 | D:9      | Reached skill level 1 in Shields
  7956 | D:9      | Reached ***** piety under Lugonu
  7970 | D:9      | Found a sparkling altar of Nemelex Xobeh.
  7971 | D:9      | Found an opulent altar of Gozag.
  7998 | D:9      | Found a white marble altar of Elyvilon.
  7998 | D:9      | Found a deep blue altar of Sif Muna.
  7999 | D:9      | Noticed Prince Ribbit
  8020 | D:9      | Killed Prince Ribbit
  8027 | D:10     | Entered Level 10 of the Dungeon
  8164 | D:10     | Noticed a green ugly thing
  8197 | D:10     | Killed a green ugly thing
  8396 | D:9      | Killed Psyche
  8396 | D:9      | Reached skill level 5 in Shields
  8505 | D:9      | Reached XP level 11. HP: 79/88 MP: 17/17
  8781 | D:10     | Noticed Fannar
  9052 | D:10     | Identified the Reference Book on the Snowflakes and Moulding
  9346 | Lair:1   | Entered Level 1 of the Lair of Beasts
  9375 | Lair:1   | Noticed a seven-headed hydra
  9581 | D:10     | Found a deep blue altar of Sif Muna.
  9616 | D:11     | Found Ethraj's Armour Boutique.
  9685 | D:11     | Killed an unseen horror
  9701 | D:10     | HP: 4/90 [troll (8)]
  9701 | D:10     | Slain by a troll

Skill      XL: |  1  2  3  4  5  6  7  8  9 10 |
---------------+-------------------------------+-----
Fighting       | 4 5 6 7 9 |  9.7
Armour         | 4 6 7 |  7.5
Axes           | 3 5 |  5.6
Invocations    | 4 9 |  9.0
Evocations     | 2 6 |  6.5
Shields        | 5 |  5.5
Dodging        | |  0.8

Action                   |  1- 3 |  4- 6 |  7- 9 | 10-12 || total
-------------------------+-------+-------+-------+-------++-------
Melee: Hand axe          |   125 |   145 |   521 |       ||   791
       Kick              |    11 |    36 |   179 |   121 ||   347
       War axe           |       |       |     7 |   351 ||   358
Invok: Depart the Abyss  |     1 |       |     1 |       ||     2
       Banish            |       |       |       |     4 ||     4
Evoke: Wand              |       |       |     1 |     6 ||     7
       Lightning rod     |       |       |       |     1 ||     1
  Use: Scroll            |     4 |     5 |     8 |     1 ||    18
       Potion            |     2 |     4 |     3 |     1 ||    10
 Stab: Distracted        |       |       |     5 |     1 ||     6
       Sleeping          |       |       |     2 |       ||     2
  Eat: Ration            |     1 |     1 |     3 |     4 ||     9
       Chunk             |       |       |     2 |       ||     2
Armor: Plate armour      |   125 |   151 |   422 |   423 ||  1121
       Ring mail         |       |       |     9 |       ||     9
Dodge: Dodged            |    33 |    33 |   124 |    60 ||   250
Block: Shield            |       |       |       |   228 ||   228
